 Dungeon Crawl Stone Soup version 0.27.1-3-gb3d3a73c9e (webtiles) character file.

Game seed: 3514785011632481414

8398 MajorAdolf the Covert (level 11, 0/100 HPs)
             Began as a Naga Wanderer on Oct 14, 2021.
             Was an Initiate of Gozag.
             Killed from afar by a manticore (12 damage)
             ... with a volley of spikes
             ... on level 11 of the Dungeon.
             The game lasted 00:37:20 (19721 turns).

MajorAdolf the Covert (Naga Wanderer)              Turns: 19721, Time: 00:37:21

Health: 0/100      AC:  9    Str: 23    XL:     11   Next: 30%
Magic:  20/20      EV: 12    Int: 14    God:    Gozag
Gold:   125        SH:  0    Dex: 16    Spells: 2/22 levels left

rFire    . . .     SeeInvis +   C - staff of air
rCold    . . .     Faith    .   (no shield)
rNeg     . . .     Spirit   .   k - +0 animal skin
rPois    +         Reflect  .   l - +1 helmet
rElec    +         Harm     .   q - +0 cloak
rCorr    .         Rampage  .   (no gloves)
Will     +....                  (no barding)
Stlth    ++++++....             (no amulet)
HPRegen  0.26/turn              y - +6 ring of dexterity
MPRegen  0.17/turn              D - +6 ring of strength

@: spiked, very slow
A: AC +3, large, see invisible, deformed body, poison resistance, slowness 2,
spit poison 1, naga tail 1, camouflage 1, shaggy fur 1, MP-powered wands
a: Spit Poison, Renounce Religion, Potion Petition, Call Merchant, Bribe Branch


You were on level 11 of the Dungeon.
You worshipped Gozag.
Gozag was aware of your devotion.
You visited 2 branches of the dungeon, and saw 12 of its levels.

You collected 1401 gold pieces.
You spent 424 gold pieces at shops.
You paid 852 gold pieces to Gozag.

Inventory:

Hand Weapons
 a - a +0 shortbow
 n - a +0 hunting sling
 r - a +3 whip
 w - a +1 hand axe of holy wrath
 B - the +6 hand axe "Ozema" {vamp, +Blink}
   (You found it on level 5 of the Dungeon)

   It occasionally heals its wielder for a portion of the damage dealt when it
   wounds a living foe.
   +Blink:    It lets you blink.
 Q - the +13 scythe of Curses {drain, Drain}
   (You found it on level 8 of the Dungeon)

   A truly terrible weapon, it drains the life of any living foe it strikes.
   It inflicts powerful necromantic curses on any living foe it strikes.
   Drain:     It drains your maximum health when unequipped.
Missiles
 c - 209 arrows
 d - 6 javelins
 o - 169 stones
 p - 78 sling bullets
 z - a throwing net
Armour
 b - a +2 scale mail
 k - a +0 animal skin (worn)
 l - a +1 helmet (worn)
 q - a +0 cloak (worn)
Magical Staves
 C - a staff of air (weapon)
 S - a staff of cold
Jewellery
 y - a +6 ring of dexterity (left hand)
 A - a ring of flight
 D - a +6 ring of strength (right hand)
 F - a ring of ice
 H - a ring of fire
Wands
 f - a wand of digging (4)
 E - a wand of flame (15)
 J - a wand of charming (13)
 L - a wand of mindburst (2)
 T - a wand of paralysis (4)
Scrolls
 h - 3 scrolls of enchant weapon
 m - 3 scrolls of teleportation
 s - 2 scrolls of enchant armour
 t - 2 scrolls of fog {unknown}
 u - 2 scrolls of torment {unknown}
 G - 3 scrolls of identify
 I - 2 scrolls of magic mapping {unknown}
 K - a scroll of acquirement {unknown}
 R - a scroll of brand weapon {unknown}
 U - 2 scrolls of noise {unknown}
 V - a scroll of immolation {unknown}
Potions
 e - 7 potions of curing
 g - 2 potions of mutation
 i - 5 potions of lignification
 j - 7 potions of heal wounds
 v - 4 potions of brilliance
 x - 4 potions of haste {unknown}
 M - 2 potions of berserk rage
 N - a potion of flight
 O - a potion of invisibility
 P - a potion of might


   Skills:
 + Level 7.5 Fighting
 - Level 1.0(2.3) Maces & Flails
 + Level 3.3(3.4) Staves
 - Level 2.4 Armour
 + Level 4.6 Dodging
 + Level 10.6 Stealth
 + Level 6.1 Spellcasting
 + Level 6.6 Conjurations
 + Level 6.2 Hexes
 + Level 3.8 Air Magic
 + Level 4.1 Evocations


You had 2 spell levels left.
You knew the following spells:

 Your Spells              Type           Power      Damage    Failure   Level
a - Magic Dart            Conj           88%        1d7       1%          1
b - Searing Ray           Conj           44%        3d4       1%          2
c - Fulminant Prism       Conj/Hex       11%        3d9       11%         4
d - Shock                 Conj/Air       100%       1d9       1%          1
e - Static Discharge      Conj/Air       28%        N/A       2%          2
f - Lightning Bolt        Conj/Air       14%        1d27      45%         5
g - Silence               Hex/Air        13%        N/A       50%         5

Your spell library contained the following spells:

 Spells                   Type           Power      Damage    Failure   Level
 Ensorcelled Hibernation  Hex/Ice        24%        N/A       7%          2
 Animate Skeleton         Necr           8%         N/A       16%         1
 Pain                     Necr           16%        1d4       16%         1
 Dazzling Flash           Conj/Hex       44%        N/A       3%          3
 Swiftness                Air            22%        N/A       10%         3
 Airstrike                Air            11%        N/A       32%         4
 Spider Form              Tmut/Pois      2%         N/A       43%         3
 Vampiric Draining        Necr           2%         2d6       43%         3
 Agony                    Necr           4%         N/A       99%         5
 Shadow Creatures         Summ           N/A        N/A       100%        6
 Maxwell's Capacitive Co  Air            11%        ∞         100%        8


Dungeon Overview and Level Annotations

Branches:
Dungeon (11/15)            Temple (1/1) D:6            Lair (0/6) D:10
    Orc: D:9-12

Altars:
Ashenzari
Cheibriados
Dithmenos
Elyvilon
Fedhas
Gozag
Hepliaklqana
Kikubaaqudgha
Makhleb
Nemelex Xobeh
Okawaru
Qazlal
Sif Muna
Trog
Uskayaw
Vehumet
Wu Jian
Xom
Yredelemnul
Zin
The Shining One
Beogh

Shops:
D:2 :   D:7 !   D:10 *

Annotations:
D:8 exclusion: skeletal warrior
D:10 exclusion: two-headed ogre


Innate Abilities, Weirdness & Mutations

Your serpentine skin is tough. (AC +3)
You have supernaturally acute eyesight. (SInv)
Armour fits poorly on your strangely shaped body.
Your system is resistant to poisons. (rPois)
You cover ground very slowly.
You can spit poison.
You have a snake-like lower body.
Your skin changes colour to match your surroundings (Stealth+).
You are covered in fur. (AC +1)
You expend magic power (3 MP) to strengthen your wands.


Message History

The orc wizard points at you and mumbles some strange words.
The puff of flame hits the unseen horror!
The unseen horror hits you. The unseen horror hits you.
The unseen horror hits you but does no damage.
The unseen horror hits you. The unseen horror hits you.
The unseen horror barely misses you.
The unseen horror is distracted by your dazzling golden aura.
A manticore comes into view.
The manticore flicks its tail.
The volley of spikes hits you!
The barbed spikes become lodged in your body.
The orc wizard points at you and mumbles some strange words.
The puff of flame hits the unseen horror!
The unseen horror is no longer distracted by gold.
The manticore flicks its tail.
The volley of spikes hits you.
The barbed spikes become lodged in your body.
The barbs in your skin will harm you if you move.
Continue?
Okay, then.
The barbs in your skin will harm you if you move.
Continue?
The barbed spikes dig painfully into your body as you move.
The orc wizard is distracted by your dazzling golden aura.
The unseen horror hits you!
Unknown command.
The barbed spikes dig painfully into your body as you move.
The unseen horror barely misses you. x2; The unseen horror hits you.
The unseen horror misses you.
The manticore flicks its tail.
The volley of spikes hits you!!
The barbed spikes become lodged in your body.
* * * LOW HITPOINT WARNING * * *
There is a stone staircase leading up, spattered with blood here.
The sentinel's mark upon you fades away.
The unseen horror hits you but does no damage.
The manticore flicks its tail.
The volley of spikes hits you!
The barbed spikes become lodged in your body.
You die...
Your body crumbles into a pile of gold.

###############.
.......@........
.......x...H....
.^.......#######
########o# #o#
#######.##########
........W.........
........o.........
##########o#######


You could see a manticore, an unseen horror (invisible), a wraith, an orc
warrior, an orc wizard (unaware) and an orc.

Vanquished Creatures
  2 two-headed ogres
  A manticore (D:10)
  A troll (D:10)
  A hornet (D:8)
  3 wyverns (D:10)
  A steam dragon (D:9)
  5 yaks (D:10)
  A basilisk (D:10)
  4 vampire mosquitoes (D:6)
  An acid dragon (D:10)
  4 water moccasins (D:10)
  3 orc warriors
  A sky beast (D:7)
  A hornet zombie (D:9)
  2 ogres
  2 centaurs
  4 wolves (D:10)
  4 phantoms
  4 bullfrogs
  A wyvern zombie (D:9)
  A water moccasin zombie (D:7)
  A jelly (D:7)
  8 killer bees (D:8)
  9 howler monkeys
  4 crimson imps
  6 centaur zombies
  A hound (D:7)
  6 orc priests
  A centaur skeleton (D:4)
  Terence (D:3)
  4 iguanas
  4 orc wizards
  A killer bee zombie (D:8)
  A hound skeleton (D:4)
  Robin (D:2)
  3 gnolls (D:3)
  7 adders
  A white imp (D:6)
  An adder skeleton (D:5)
  3 worms
  3 dart slugs
  25 orcs
  8 bats
  11 endoplasms
  4 giant cockroaches
  21 goblins
  9 hobgoblins
  3 jackals (D:1)
  4 quokkas
  5 ball pythons
  6 frilled lizards
  15 kobolds
  5 rats
229 creatures vanquished.

Vanquished Creatures (others)
  A fulminant prism (D:10)
  5 fungi (D:10)
  25 plants
  7 toadstools (D:3)
38 creatures vanquished.

Grand Total: 267 creatures vanquished

Notes
Turn   | Place    | Note
-------+----------+-------------------------------------------
     0 | D:1      | MajorAdolf the Naga Wanderer began the quest for the Orb.
     0 | D:1      | MajorAdolf set off with the following items: a +0 shortbow,
                  | a +2 scale mail, 23 arrows, a +0 mace
     0 | D:1      | Reached XP level 1. HP: 22/22 MP: 1/1
   343 | D:1      | Reached XP level 2. HP: 31/31 MP: 2/2
   524 | D:1      | Reached skill level 2 in Stealth
   536 | D:1      | Reached XP level 3. HP: 21/37 MP: 3/3
   697 | D:1      | Learned a level 1 spell: Magic Dart
   700 | D:1      | Learned a level 2 spell: Searing Ray
  1083 | D:1      | Reached skill level 1 in Spellcasting
  1083 | D:1      | Reached skill level 1 in Conjurations
  1464 | D:2      | Noticed Robin
  1600 | D:1      | Reached skill level 3 in Stealth
  1836 | D:1      | Reached XP level 4. HP: 37/45 MP: 5/5
  1895 | D:2      | Killed Robin
  2852 | D:2      | Found Sexen's Book Shop.
  3079 | D:2      | Reached XP level 5. HP: 50/51 MP: 7/7
  3515 | D:3      | Reached skill level 4 in Stealth
  3752 | D:3      | Learned a level 4 spell: Fulminant Prism
  4231 | D:3      | Reached skill level 1 in Hexes
  4388 | D:3      | You fall into a shaft and drop 3 floors!
  4388 | D:6      | Found a basalt altar of Yredelemnul.
  4393 | D:6      | Noticed a two-headed ogre
  4528 | D:6      | Reached XP level 6. HP: 53/58 MP: 3/9
  4529 | D:6      | Reached skill level 5 in Stealth
  4888 | D:5      | Entered Level 5 of the Dungeon
  5723 | D:3      | Found a white marble altar of Elyvilon.
  5723 | D:3      | Found a stormy altar of Qazlal.
  6292 | D:3      | Noticed Terence
  6584 | D:3      | Reached XP level 7. HP: 60/66 MP: 4/11
  7588 | D:3      | Killed Terence
  8042 | D:4      | Found a shimmering altar of Xom.
  8284 | D:3      | Reached skill level 6 in Stealth
  8365 | D:4      | Reached skill level 1 in Dodging
  8763 | D:4      | Reached skill level 5 in Fighting
  9240 | D:5      | Gained mutation: Your body sometimes deteriorates upon
                  | taking damage. [potion of mutation]
  9240 | D:5      | Gained mutation: Your mind is acute. (Int +2) [potion of
                  | mutation]
  9240 | D:5      | Gained mutation: Your tail ends in a poisonous barb.
                  | [potion of mutation]
  9241 | D:5      | Lost mutation: Your body sometimes deteriorates upon taking
                  | damage. [potion of mutation]
  9241 | D:5      | Lost mutation: Your tail ends in a poisonous barb. [potion
                  | of mutation]
  9241 | D:5      | Gained mutation: You are resistant to electric shocks.
                  | (rElec) [potion of mutation]
  9241 | D:5      | Gained mutation: You are covered in fur. (AC +1) [potion of
                  | mutation]
  9241 | D:5      | Gained mutation: You tend to lose your temper in combat.
                  | [potion of mutation]
  9242 | D:5      | Lost mutation: You tend to lose your temper in combat.
                  | [potion of mutation]
  9242 | D:5      | Lost mutation: Your mind is acute. (Int +2) [potion of
                  | mutation]
  9242 | D:5      | Gained mutation: You have very sharp teeth. [potion of
                  | mutation]
  9242 | D:5      | Gained mutation: Your tail ends in a poisonous barb.
                  | [potion of mutation]
  9243 | D:5      | Lost mutation: You have very sharp teeth. [potion of
                  | mutation]
  9243 | D:5      | Lost mutation: Your tail ends in a poisonous barb. [potion
                  | of mutation]
  9243 | D:5      | Lost mutation: You are resistant to electric shocks.
                  | (rElec) [potion of mutation]
  9243 | D:5      | Gained mutation: You are clumsy. (Dex -2) [potion of
                  | mutation]
  9243 | D:5      | Lost mutation: You are clumsy. (Dex -2) [potion of
                  | mutation]
  9243 | D:5      | Gained mutation: Your skin changes colour to match your
                  | surroundings (Stealth+). [potion of mutation]
  9243 | D:5      | Gained mutation: You expend magic power (3 MP) to
                  | strengthen your wands. [potion of mutation]
  9268 | D:5      | Reached XP level 8. HP: 74/74 MP: 10/13
  9563 | D:5      | Identified the +6 hand axe "Ozema" {vamp, +Blink}
  9850 | D:5      | Found a bloodstained altar of Trog.
 10307 | D:6      | Found a staircase to the Ecumenical Temple.
 10316 | Temple   | Entered the Ecumenical Temple
 10843 | Temple   | Became a worshipper of Gozag Ym Sagoz the Greedy
 11114 | D:6      | Found a shimmering blue altar of Sif Muna.
 11181 | D:6      | Reached skill level 7 in Stealth
 11642 | D:6      | HP: 1/76 [two-headed ogre (19)]
 11643 | D:6      | Killed a two-headed ogre
 11644 | D:6      | Reached skill level 8 in Stealth
 11644 | D:6      | Reached skill level 5 in Conjurations
 11644 | D:6      | Reached XP level 9. HP: 2/82 MP: 4/16
 12281 | D:7      | Learned a level 1 spell: Shock
 12284 | D:7      | Learned a level 2 spell: Static Discharge
 12889 | D:7      | Found a hazy altar of Hepliaklqana.
 12976 | D:7      | Reached skill level 1 in Air Magic
 13186 | D:7      | Reached skill level 5 in Spellcasting
 13712 | D:7      | Reached skill level 9 in Stealth
 14230 | D:7      | Found Peuhec's Distillery.
 14239 | D:7      | Reached skill level 5 in Hexes
 14413 | D:7      | Bought a potion of lignification for 42 gold pieces
 14413 | D:7      | Bought a potion of berserk rage for 70 gold pieces
 14413 | D:7      | Bought a potion of brilliance for 56 gold pieces
 14413 | D:7      | Bought a potion of flight for 42 gold pieces
 14413 | D:7      | Bought a potion of invisibility for 112 gold pieces
 14413 | D:7      | Bought a potion of might for 56 gold pieces
 14509 | D:8      | Found the +13 scythe of Curses {drain, Drain}
 14522 | D:8      | Noticed a skeletal warrior
 14748 | D:8      | Reached XP level 10. HP: 92/92 MP: 10/17
 14815 | D:8      | Reached skill level 1 in Staves
 15084 | D:8      | Noticed a skeletal warrior
 15286 | D:8      | Noticed a skeletal warrior
 15619 | D:8      | Found a snail-covered altar of Cheibriados.
 16879 | D:9      | Found an iron altar of Okawaru.
 16880 | D:9      | Found a blossoming altar of Fedhas.
 16895 | D:9      | Found a glowing golden altar of the Shining One.
 17021 | D:9      | Noticed a two-headed ogre
 17026 | D:9      | Killed a two-headed ogre
 17631 | D:10     | Entered Level 10 of the Dungeon
 17631 | D:10     | Noticed a manticore
 17648 | D:10     | Killed a manticore
 17649 | D:10     | Reached skill level 10 in Stealth
 17980 | D:10     | Found a shadowy altar of Dithmenos.
 18061 | D:10     | Learned a level 5 spell: Lightning Bolt
 18067 | D:10     | Learned a level 5 spell: Silence
 18254 | D:10     | Reached XP level 11. HP: 100/100 MP: 12/19
 18685 | D:10     | Found a staircase to the Lair.
 18725 | D:10     | Noticed a two-headed ogre
 19279 | D:10     | Bought a scroll labelled EVVUOWASEO for 23 gold pieces
 19279 | D:10     | Bought a scroll labelled BUOMYSM XIMEUV for 23 gold pieces
 19718 | D:11     | Noticed a manticore
 19721 | D:11     | Killed from afar by a manticore

Illustrated notes

Levels and vault maps discovered:
D:1:      eino_arrival_cavern_a, layout_loops_ring, minivault_27,
          wad_floor_pattern_untrapped, serial_bayou_lagoon_a, st_stairs_8,
          minmay_tetromino_o4
D:2:      kennysheep_six_static_rooms, layout_loops_cross, serial_shops,
          nicolae_diamond_shop, minmay_goblin_outpost, uniq_robin
D:3:      cheibrodos_fertilizer, layout_loops_cross,
          nicolae_overflow_hidden_temple, kennysheep_orc_chapel, uniq_terence
D:4:      layout_basic, led_xom_imps
D:5:      layout_loops_corners, trog_three_pillars_becter,
          guppyfry_early_lair_pool
D:6:      layout_basic, led_sif_pool, old_standard_altar,
          minmay_temple_entry_slanted, kennysheep_nondescript
D:7:      layout_basic, kennysheep_mini, serial_shops, nicolae_shop_behind_doors
D:8:      layout_gridville, kennysheep_little_box,
          nicolae_ru_great_annihilating_truth, grunt_decor_mini_mirrors,
          hellmonk_guarded_unrand_vitality_bloodlust
D:9:      layout_roguey, gammafunk_temple_overflow_forgotten
D:10:     layout_basic, mainiacjoe_overflow_chevrons, minmay_lair_entry_grove
D:11:     layout_long_grid, erik_orc_1
Temple:   jpeg_temple_island

Skill      XL: |  1  2  3  4  5  6  7  8  9 10 11 |
---------------+----------------------------------+-----
Stealth        | 2 3 4 5 6 8 9 10 | 10.6
Spellcasting   | 1 2 3 4 5 6 |  6.1
Conjurations   | 1 2 3 5 6 |  6.6
Hexes          | 1 2 3 4 5 6 |  6.2
Dodging        | 1 3 4 |  4.6
Fighting       | 5 6 7 |  7.5
Air Magic      | 1 3 |  3.8
Evocations     | 2 3 4 |  4.1
Staves         | 2 3 |  3.3
Maces & Flails | |  1.0
Armour         | |  2.4

Action                   |  1- 3 |  4- 6 |  7- 9 | 10-12 || total
-------------------------+-------+-------+-------+-------++-------
Melee: Mace              |   140 |     7 |       |       ||   147
       Club              |       |    72 |       |       ||    72
       Whip              |       |    43 |    31 |       ||    74
       Hand axe          |       |       |    30 |       ||    30
       Staff             |       |       |    19 |   128 ||   147
 Cast: Magic Dart        |       |    62 |    46 |     2 ||   110
       Searing Ray       |       |     7 |    35 |    12 ||    54
       Shock             |       |       |    68 |    77 ||   145
       Static Discharge  |       |       |    23 |    92 ||   115
       Fulminant Prism   |       |       |       |     1 ||     1
Invok: Call Merchant     |       |       |       |     1 ||     1
 Abil: Spit Poison       |    20 |    34 |    16 |     2 ||    72
Evoke: Wand              |       |       |       |     4 ||     4
  Use: Scroll            |       |     4 |     2 |     1 ||     7
       Potion            |       |       |     4 |     2 ||     6
 Stab: Sleeping          |       |       |     4 |       ||     4
Armor: Scale mail        |   127 |    47 |       |       ||   174
       Animal skin       |       |    25 |    87 |   131 ||   243
       Skin              |       |       |       |    24 ||    24
Dodge: Dodged            |    94 |    75 |   123 |   144 ||   436
